 Dungeon Crawl Stone Soup version 0.20.2-3-g29329e0561 (webtiles) character file.

889 Alfie the Cutter (level 8, -2/68 HPs)
             Began as a Hill Orc Fighter on Nov 23, 2022.
             Slain by a river rat (7 damage)
             ... on level 5 of the Dungeon.
             The game lasted 00:09:08 (2821 turns).

Alfie the Cutter (Hill Orc Fighter)                 Turns: 2821, Time: 00:09:08

Health: -2/68      AC:  9    Str: 21    XL:     8   Next: 6%
Magic:  8/8        EV:  8    Int:  8    God:
Gold:   347        SH: 10    Dex: 10    Spells: 7/7 levels left

rFire    + . .     SeeInvis .   a - +2 rapier
rCold    . . .     Gourm    .   c - +0 shield
rNeg     . . .     Faith    .   b - +1 scale mail
rPois    .         Spirit   .   (no helmet)
rElec    .         Reflect  .   (no cloak)
rCorr    .         Harm     .   (no gloves)
MR       .....                  n - +0 pair of boots
Stlth    ..........             (no amulet)
Regen    0.3/turn               u - ring of protection from fire
MPRegen  0.2/turn               (no ring)

@: very slow
A: no striking features
a: no special abilities


You were on level 5 of the Dungeon.
You were not hungry.

You visited 1 branch of the dungeon, and saw 5 of its levels.

You collected 347 gold pieces.

Inventory:

Hand Weapons
 a - a +2 rapier (weapon)
Armour
 b - a +1 scale mail (worn)
 c - a +0 shield (worn)
 n - a +0 pair of boots (worn)
Jewellery
 u - a ring of protection from fire (left hand)
Wands
 i - a wand of enslavement (16/24)
 t - a wand of flame (33/48)
 A - a wand of paralysis (10/24)
Scrolls
 h - 2 scrolls of identify
 k - 3 scrolls of fog
 q - a scroll of fear
 r - 4 scrolls of remove curse
 v - a scroll of amnesia
 x - a scroll of enchant weapon
 y - a scroll of blinking {unknown}
Potions
 e - a potion of ambrosia {unknown}
 j - a potion of degeneration {unknown}
 m - 2 potions of brilliance
 o - 4 potions of haste {unknown}
 p - 2 potions of lignification {unknown}
 s - 2 potions of flight {unknown}
 z - a potion of invisibility {unknown}
Comestibles
 d - 3 fruits
 f - 5 bread rations
 w - 2 royal jellies


   Skills:
 + Level 5.2 Fighting
 + Level 5.8 Short Blades
 + Level 5.2 Armour
 + Level 2.0 Dodging
 + Level 5.3 Shields


You had 7 spell levels left.
You didn't know any spells.

Dungeon Overview and Level Annotations

Branches:
Dungeon (5/15)
 Temple: D:4-7

Altars:
Ashenzari
Uskayaw


Message History

You see here an adder corpse.
Your unstable footing causes you to fumble your attack.
The worm misses you.
You puncture the worm!
The worm is heavily wounded.
You hit the worm.
The worm is severely wounded.
The worm bites you.
* * * LOW HITPOINT WARNING * * *
You puncture the worm!
You kill the worm!
You see here a worm corpse.
An adder, a river rat and a worm come into view.
The adder hisses angrily.
A worm comes into view.
Your unstable footing causes you to fumble your attack.
The river rat bites you.
* * * LOW HITPOINT WARNING * * *
You hit the river rat but do no damage. The river rat bites you!
You die...

#. w# .... w .... ##≈ ...
#≈≈ ###. #≈## .. .... # #S≈
#...# #### #≈#r#### #...#
#... #≈≈@††≈####...###.##
###########≈#............
###>.≈≈≈≈≈≈≈≈≈#............
.....≈≈#≈#≈####......###.#.
#.#.≈.≈≈≈≈≈..####..###.#.
#.......≈.....†.)........
##...........####..###.#.
###...####.#####..###.#.
#...................#.


You could see 2 worms, an adder and a river rat.

Vanquished Creatures
  Eustachio (D:4)
  A sky beast (D:5)
  An ogre (D:5)
  A scorpion (D:4)
  The ghost of Alfie the Skirmisher, a weakling HOFi (D:3)
  3 hounds
  A jelly (D:5)
  An iguana (D:4)
  2 orc priests
  A bullfrog skeleton (D:4)
  Ijyb (D:3)
  A worker ant (D:4)
  9 adders
  An ooze (D:1)
  2 adder skeletons (D:4)
  5 worms
  A dart slug (D:3)
  A leopard gecko (D:1)
  13 orcs
  3 ball pythons
  3 giant cockroaches
  8 goblins
  5 hobgoblins
  4 jackals (D:2)
  4 kobolds
  8 bats
  5 frilled lizards
  A quokka skeleton (D:4)
  7 rats
95 creatures vanquished.

Notes
Turn   | Place    | Note
-------+----------+-------------------------------------------
     0 | D:1      | Alfie the Hill Orc Fighter began the quest for the Orb.
     0 | D:1      | Reached XP level 1. HP: 19/19 MP: 1/1
   193 | D:1      | Reached XP level 2. HP: 22/27 MP: 2/2
   671 | D:2      | Reached XP level 3. HP: 30/33 MP: 3/3
   819 | D:2      | Found a faded altar of an unknown god.
  1155 | D:3      | Reached XP level 4. HP: 40/40 MP: 4/4
  1335 | D:3      | Noticed Alfie's ghost (weakling HOFi)
  1361 | D:3      | Killed Alfie's ghost
  1361 | D:3      | Reached XP level 5. HP: 31/46 MP: 5/5
  1565 | D:3      | Noticed Ijyb
  1590 | D:3      | Killed Ijyb
  1818 | D:4      | Reached skill level 1 in Dodging
  1818 | D:4      | Reached XP level 6. HP: 49/53 MP: 6/6
  2091 | D:4      | Noticed Eustachio
  2113 | D:4      | Killed Eustachio
  2113 | D:4      | Reached skill level 5 in Short Blades
  2113 | D:4      | Reached XP level 7. HP: 38/60 MP: 7/7
  2151 | D:4      | Reached skill level 5 in Fighting
  2531 | D:5      | Entered Level 5 of the Dungeon
  2531 | D:5      | Found a hide-covered altar of Uskayaw.
  2617 | D:5      | Reached skill level 5 in Armour
  2617 | D:5      | Reached skill level 5 in Shields
  2668 | D:5      | Found a shattered altar of Ashenzari.
  2747 | D:5      | HP: 2/61 [orc/trident (2)]
  2762 | D:5      | Reached XP level 8. HP: 12/68 MP: 8/8
  2821 | D:5      | Slain by a river rat

Skill      XL: |  1  2  3  4  5  6  7 |
---------------+----------------------+-----
Fighting       | 4 5 |  5.2
Short Blades   | 3 4 5 |  5.8
Shields        | 4 5 |  5.3
Armour         | 4 5 |  5.2
Dodging        | 1 2 |  2.0

Action                   |  1- 3 |  4- 6 |  7- 9 || total
-------------------------+-------+-------+-------++-------
Melee: Rapier            |   109 |   174 |   117 ||   400
  Use: Scroll            |     4 |     4 |     4 ||    12
       Potion            |       |     2 |     4 ||     6
  Eat: Royal jelly       |     1 |     1 |       ||     2
       Bread ration      |       |       |     1 ||     1
Armor: Scale mail        |    58 |    85 |    36 ||   179
Dodge: Dodged            |    34 |    75 |    31 ||   140
Block: Shield            |    63 |    84 |    66 ||   213
